 Dungeon Crawl Stone Soup version 0.30-a0-374-g95c0257040 (webtiles) character file.

Game seed: 7794618543423485741

3514 Sabo the Covert (level 10, -8/56 HPs)
             Began as an Octopode Brigand on Nov 25, 2022.
             Was an Elder of Hepliaklqana.
             Mangled by a troll (12 damage)
             ... on level 9 of the Dungeon.
             The game lasted 00:54:14 (7697 turns).

Sabo the Covert (Octopode Brigand)                  Turns: 7697, Time: 00:54:16

Health: -8/56      AC:  5    Str: 14    XL:     10   Next: 8%
Magic:  15/15      EV: 14    Int: 13    God:    Hepliaklqana [****..]
Gold:   463        SH:  0    Dex: 15    Spells: 14/16 levels left

rFire   . . .      SeeInvis .    r - +2 war axe (elec)
rCold   . . .      Faith    .    (no shield)
rNeg    . . .      Spirit   .    (helmet restricted)
rPois   .          Reflect  .    p - amulet of the acrobat
rElec   .          Harm     .    f - +4 ring of protection
rCorr   .          Rampage  .    E - ring of wizardry
Will    .....                    F - ring of flight
Stlth   +++++.....               (no ring)
HPRegen 0.29/turn                (no ring)
MPRegen 0.14/turn                (no ring)
                                 (no ring)
                                 (no ring)

@: flying
A: reduced essence, almost no armour, amphibious, 8 rings, camouflage 1,
gelatinous body 1, (nimble swimmer 1), tentacles
a: Renounce Religion, Recall Ancestor, Ancestor Identity, Transference, Idealise


You were on level 9 of the Dungeon.
You worshipped Hepliaklqana.
Hepliaklqana was greatly pleased with you.
You visited 1 branch of the dungeon, and saw 9 of its levels.

You collected 556 gold pieces.
You spent 93 gold pieces at shops.

Inventory:

Hand Weapons
 r - a +2 war axe of electrocution (weapon)
 t - a +2 dagger of holy wrath
 x - a +1 hand axe of distortion
 C - a +0 shortbow
Missiles
 b - 16 poisoned darts (quivered)
 c - 3 curare-tipped darts
 s - 2 boomerangs
 B - 4 throwing nets
Jewellery
 f - a +4 ring of protection (left tentacle)
 p - an amulet of the acrobat (around mantle)
 E - a ring of wizardry (right tentacle)
 F - a ring of flight (on tentacle)
Wands
 v - a wand of mindburst (4)
 y - a wand of flame (25)
 D - a wand of digging (4)
 G - a wand of charming (7)
 H - a wand of roots (7)
Scrolls
 d - a scroll of magic mapping
 e - 4 scrolls of teleportation
 i - a scroll of fog
 o - 2 scrolls of amnesia
 q - 2 scrolls of fear
 w - 4 scrolls of blinking
Potions
 a - 2 potions of mutation {unknown}
 g - 3 potions of degeneration {unknown}
 h - a potion of invisibility {unknown}
 j - 7 potions of curing
 k - 3 potions of attraction {unknown}
 l - 3 potions of ambrosia {unknown}
 m - 3 potions of heal wounds {unknown}
 n - 3 potions of lignification {unknown}
 u - a potion of berserk rage {unknown}
 z - 3 potions of flight {unknown}
 A - a potion of might {unknown}


   Skills:
 + Level 3.9 Fighting
 + Level 4.0 Short Blades
 + Level 5.4 Axes
 + Level 6.9 Throwing
 + Level 4.0 Dodging
 + Level 8.7 Stealth
 + Level 3.8 Spellcasting
 + Level 4.4 Conjurations
 + Level 3.6 Air Magic
 + Level 0.5 Evocations


You had 14 spell levels left.
You knew the following spells:

 Your Spells              Type           Power      Damage    Failure   Level
a - Shock                 Conj/Air       48%        1d6       1%          1
b - Beastly Appendage     Tmut           4%         N/A       9%          1

Your spell library contained the following spells:

 Spells                   Type           Power      Damage    Failure   Level
 Swiftness                Air            11%        N/A       6%          3
 Apportation              Tloc           4%         N/A       9%          1
 Blink                    Tloc           4%         N/A       13%         2
 Wereblood                Tmut           2%         N/A       13%         2
 Airstrike                Air            5%         2d(1-17)  19%         4
 Gell's Gravitas          Tloc           2%         N/A       26%         3
 Lesser Beckoning         Tloc           4%         N/A       26%         3
 Spider Form              Tmut/Pois      2%         N/A       26%         3
 Teleport Other           Tloc           2%         N/A       26%         3
 Manifold Assault         Tloc           2%         N/A       61%         4
 Alistair's Intoxication  Tmut/Pois      1%         N/A       90%         5
 Storm Form               Tmut/Air       3%         N/A       100%        7


Dungeon Overview and Level Annotations

Branches:
Dungeon (9/15)             Temple (0/1) D:6
   Lair: D:8-11         Orc: D:9-12

Altars:
Cheibriados
Dithmenos
Hepliaklqana
Makhleb
Okawaru
Vehumet
Wu Jian
Xom
Zin

Shops:
D:9 *


Innate Abilities, Weirdness & Mutations

Your life essence is reduced to manifest your ancestor. (-10% HP)
You cannot wear most types of armour.
You are amphibious.
You can wear up to eight rings at the same time.
Your skin changes colour to match your surroundings (Stealth+).
Your rubbery body absorbs attacks. (AC +1, EV +1)
((You are camouflaged when in or above water. (Stealth+)))
You have tentacles for arms and can constrict up to eight enemies at once.


Message History

There is an open door here.
You reach down and open the door.
You swap places.
There is an open door here.
You swap places.
You reach down and open the door.
There is an open door here.
You see here a +0 club.
You reach down and open the door.
A troll comes into view.
Found a stone staircase leading down.
There is an open door here.
Throw: 17 darts (poison)
Press: ? - help, Q - select action, (/) - cycle Shift-Dir - straight line, f - troll
Aim: a troll (asleep, ally target, 98% to hit)
You throw a poisoned dart. The poisoned dart hits the troll!
The troll is poisoned.
The troll shouts!
Rana hits the troll but does no damage.
You hit the troll but do no damage. Your squeeze misses the troll.
The troll is lightly wounded.
The troll bites you!! The troll claws you but does no damage.
The troll claws you.
Rana hits the troll with a +0 quarterstaff!
You slash the troll!
The troll is heavily wounded.
The troll bites you!
* * * LOW HITPOINT WARNING * * *
The troll misses you. The troll claws you.
* * * LOW HITPOINT WARNING * * *
Rana casts a spell at the troll.
The puff of frost hits the troll!
You hit the troll.
The troll is almost dead.
The troll bites you but does no damage. The troll misses you.
The troll barely misses you.
Rana completely misses the troll.
The troll bites you!
* * * LOW HITPOINT WARNING * * *
The troll completely misses you. The troll claws you!
You die...

..........#+####......#
#+##.....##..###......#
...#.....#............#
...#.....#..รท.........#
...#.....'............#
##.......#######'######
..######......#.......#
...# #......#..R....#
...# #......#.@T....#
...# #......#.......#
...# #......#...>(..#
#### #......#########
########


You could see the friendly Rana the battlemage and a troll (poisoned, ally
target).

Vanquished Creatures
  A wyvern (D:9)
  A black bear (D:6)
  A sky beast (D:7)
  An ice beast (D:6)
  2 scorpions
  A killer bee (D:9)
  A howler monkey (D:9)
  2 jellies
  2 iguanas
  An orc priest (D:8)
  An orc wizard (D:8)
  Natasha (twice) (D:2)
  3 gnolls (D:2)
  2 adders
  An ufetubus (D:6)
  A worm (D:3)
  A dart slug (D:4)
  20 orcs
  An endoplasm (D:1)
  3 giant cockroaches
  3 goblins
  4 hobgoblins
  7 jackals
  A quokka (D:2)
  5 ball pythons
  4 bats
  2 frilled lizards (D:1)
  8 kobolds
  4 rats
86 creatures vanquished.

Vanquished Creatures (collateral kills)
  Maurice (D:8)
  A wraith (D:9)
  2 water moccasins
  An orc warrior (D:8)
  A black bear (D:6)
  A sky beast (D:7)
  2 ogres
  2 centaurs
  A phantom (D:7)
  2 scorpions
  3 killer bees (D:9)
  6 howler monkeys
  A crimson imp (D:6)
  A jelly (D:6)
  4 orc priests
  A hound (D:5)
  An iron imp (D:5)
  3 iguanas
  Natasha (D:2)
  7 orc wizards
  4 adders
  2 shadow imps
  2 ufetubi
  A worm (D:5)
  A dart slug (D:1)
  16 orcs
  3 ball pythons
  A bat (D:3)
  4 endoplasms
  2 giant cockroaches (D:4)
  2 goblins
  4 hobgoblins
  4 jackals
  9 kobolds
  4 frilled lizards
  A rat (D:3)
102 creatures vanquished.

Vanquished Creatures (others)
  An ancestor (D:2)
  4 plants (D:3)
5 creatures vanquished.

Grand Total: 193 creatures vanquished

Notes
Turn   | Place    | Note
-------+----------+-------------------------------------------
     0 | D:1      | Sabo the Octopode Brigand began the quest for the Orb.
     0 | D:1      | Reached XP level 1. HP: 14/14 MP: 1/1
   117 | D:1      | Found a faded altar of an unknown god.
   129 | D:1      | Prayed at the altar of an unknown god.
   129 | D:1      | Became a worshipper of Hepliaklqana the Forgotten
   129 | D:1      | Reached * piety under Hepliaklqana
   254 | D:1      | Reached XP level 2. HP: 17/17 MP: 2/2
   673 | D:1      | Reached XP level 3. HP: 21/21 MP: 3/3
   691 | D:1      | Reached skill level 6 in Stealth
   855 | D:2      | Noticed Natasha
   862 | D:2      | Killed Natasha
   961 | D:2      | Reached XP level 4. HP: 23/26 MP: 4/4
   995 | D:2      | Noticed Natasha
  1003 | D:2      | Killed Natasha
  1090 | D:2      | Reached ** piety under Hepliaklqana
  1091 | D:2      | Remembered your ancestor Rana as a battlemage
  1102 | D:2      | Noticed Natasha
  1103 | D:2      | Reached XP level 5. HP: 30/30 MP: 5/5
  1107 | D:2      | Killed Natasha
  1145 | D:2      | Reached skill level 7 in Stealth
  1737 | D:3      | Found a radiant altar of Vehumet.
  1802 | D:3      | Found an ornate altar of the Wu Jian Council.
  2100 | D:3      | Reached XP level 6. HP: 36/36 MP: 6/6
  2153 | D:3      | Found a glowing silver altar of Zin.
  2551 | D:4      | Found a shadowy altar of Dithmenos.
  2622 | D:4      | Reached XP level 7. HP: 27/40 MP: 7/7
  3014 | D:4      | Reached *** piety under Hepliaklqana
  3378 | D:5      | Entered Level 5 of the Dungeon
  3606 | D:5      | Reached skill level 1 in Axes
  3606 | D:5      | Reached skill level 5 in Throwing
  3644 | D:5      | Learned a level 1 spell: Shock
  3859 | D:5      | Found a snail-covered altar of Cheibriados.
  4144 | D:5      | Reached skill level 1 in Conjurations
  4144 | D:5      | Reached XP level 8. HP: 46/46 MP: 4/8
  4612 | D:6      | Reached skill level 8 in Stealth
  4678 | D:6      | Found a staircase to the Ecumenical Temple.
  4799 | D:6      | Reached skill level 1 in Spellcasting
  4799 | D:6      | Reached skill level 1 in Air Magic
  5295 | D:6      | Found a shimmering altar of Xom.
  5298 | D:6      | Found a burning altar of Makhleb.
  5510 | D:7      | Reached XP level 9. HP: 51/51 MP: 12/12
  5663 | D:7      | Reached **** piety under Hepliaklqana
  6310 | D:8      | Learned a level 1 spell: Beastly Appendage
  6581 | D:8      | Noticed Maurice
  6591 | D:8      | Killed Maurice
  6810 | D:8      | Found an iron altar of Okawaru.
  6840 | D:8      | Identified the +0 robe "Zeuzupt" {rPois Str+4 Slay-4
                  | Stlth+}
  6985 | D:9      | Reached skill level 5 in Axes
  7372 | D:9      | Reached XP level 10. HP: 38/56 MP: 15/15
  7514 | D:9      | Found Zier's Assorted Antiques.
  7600 | D:9      | Bought a forked wooden wand for 76 gold pieces
  7635 | D:9      | Bought a glowing coppery potion for 17 gold pieces
  7697 | D:9      | Mangled by a troll

Illustrated notes

Levels and vault maps discovered:
D:1:      amcnicky_arrival_gap_in_the_tavern_cellar, layout_basic,
          shapermc_ecumenical_altar_mp_ritualfount, serial_park_tiny_pond
D:2:      layout_basic, uniq_natasha
D:3:      layout_rooms, mainiacjoe_overflow_six_doors_small, vehumet_crystals,
          mainiacjoe_overflow_catwalk, st_stairs_1, lexackson_kobold_supper
D:4:      layout_rooms, nicolae_dithmenos_the_darkroom
D:5:      layout_basic, slow_altar_2
D:6:      layout_basic, grunt_temple_overflow_champion_of_chaos,
          minmay_temple_entry_sparse_star
D:7:      layout_basic, serial_park_tiny_2
D:8:      layout_basic, kennysheep_mini, uniq_maurice
D:9:      layout_gridville, serial_shops, shop

Skill      XL: |  1  2  3  4  5  6  7  8  9 10 |
---------------+-------------------------------+-----
Stealth        | 6 7 8 |  8.7
Throwing       | 3 4 5 6 |  6.9
Short Blades   | 3 4 |  4.0
Dodging        | 2 3 4 |  4.0
Fighting       | 3 |  3.9
Axes           | 1 3 5 |  5.4
Conjurations   | 1 2 4 |  4.4
Spellcasting   | 2 3 |  3.8
Air Magic      | 2 3 |  3.6
Evocations     | |  0.5

Action                   |  1- 3 |  4- 6 |  7- 9 | 10-12 || total
-------------------------+-------+-------+-------+-------++-------
Melee: Dagger            |    42 |    47 |       |       ||    89
       Constrict         |    10 |    20 |    12 |     1 ||    43
       Tentacles         |     6 |    13 |    21 |     1 ||    41
       Punch             |       |     3 |       |       ||     3
       War axe           |       |    11 |    68 |     8 ||    87
Throw: Dart              |    22 |    35 |    38 |     1 ||    96
 Cast: Shock             |       |       |    51 |       ||    51
Invok: Ancestor Identity |     1 |       |       |       ||     1
       Ancestor Life: Ba |       |     1 |       |       ||     1
Evoke: Wand              |       |       |     2 |       ||     2
  Use: Scroll            |     1 |     3 |     9 |       ||    13
       Potion            |       |       |       |     2 ||     2
 Stab: Sleeping          |       |     1 |     3 |       ||     4
       Distracted        |       |     1 |     2 |       ||     3
Armor: Skin              |    11 |    21 |    28 |     3 ||    63
Dodge: Dodged            |    27 |    36 |    58 |    29 ||   150

Table legend: (Time is in decaauts)
 A = Elapsed time spent in this place.
 B = Non-inter-level travel time spent in this place.
 C = Inter-level travel time spent in this place.
 D = Time resting spent in this place.
 E = Time spent auto-exploring this place.
 F = Levels seen in this place.
 G = Mean time per level.
                   A        B        C        D        E       F      G
               +--------+--------+--------+--------+--------+-----+--------+
         Total |   7697 |   7697 |      0 |   1537 |      0 |   9 |  855.2 |
       Dungeon |   7697 |   7697 |      0 |   1537 |      0 |   9 |  855.2 |
               +--------+--------+--------+--------+--------+-----+--------+

Top non-repeatable levels by time:
     D:5: 1121 daAuts
     D:6: 945 daAuts
     D:4: 923 daAuts
     D:8: 895 daAuts
     D:1: 847 daAuts
     D:2: 828 daAuts
     D:3: 764 daAuts
     D:9: 723 daAuts
     D:7: 649 daAuts
